 Dungeon Crawl Stone Soup version 0.30-a0-377-g5cb311bc9f (webtiles) character file.

Game seed: 9326216995505820733

102 PimpSugar the Magician (level 4, 0/32 HPs)
             Began as a Demonspawn Hedge Wizard on Nov 30, 2022.
             Killed by divine providence
             ... invoked by an orc priest
              (13 damage)
             ... on level 3 of the Dungeon.
             The game lasted 00:14:27 (3197 turns).

PimpSugar the Magician (Demonspawn Hedge Wizard)    Turns: 3197, Time: 00:14:28

Health: 0/32       AC:  8    Str: 10    XL:     4   Next: 50%
Magic:  9/9        EV: 12    Int: 18    God:
Gold:   159        SH:  0    Dex: 18    Spells: 7/10 levels left

rFire   . . .      SeeInvis .    r - +0 rapier (freeze)
rCold   . . .      Faith    .    y - orb {*Rage}
rNeg    . . .      Spirit   .    b - +0 robe
rPois   .          Reflect  .    c - +0 hat
rElec   .          Harm     .    k - +0 cloak
rCorr   .          Rampage  .    (no gloves)
Will    .....      Rage     20%  m - +0 pair of boots
Stlth   ++........               j - amulet of magic regeneration
HPRegen 0.25/turn                x - +4 ring of protection
MPRegen 0.51/turn                B - ring "Mevomeni" {Dex+6 Slay+3}

@: no status effects
A: horns 1
a: no special abilities


You were on level 3 of the Dungeon.
You visited 1 branch of the dungeon, and saw 3 of its levels.

You collected 159 gold pieces.

Inventory:

Hand Weapons
 a - a +0 dagger
 r - a +0 rapier of freezing (weapon)
 u - a +0 whip
Missiles
 f - 13 stones (quivered)
 w - 2 boomerangs
Armour
 b - a +0 robe (worn)
 c - a +0 hat (worn)
 k - a +0 cloak (worn)
 m - a +0 pair of boots (worn)
 y - an orb of wrath (worn)
Jewellery
 h - an amulet of faith
 j - an amulet of magic regeneration (around neck)
 x - a +4 ring of protection (left hand)
 A - an amulet of regeneration
 B - the ring "Mevomeni" (right hand) {Dex+6 Slay+3}
   (You found it on level 3 of the Dungeon)

   [ring of dexterity]

   Dex:       It affects your dexterity (+6).
   Slay:      It affects your accuracy & damage with ranged weapons and melee
   (+3).
Scrolls
 i - a scroll of brand weapon
 l - a scroll of fear {unknown}
 o - a scroll of poison {unknown}
 p - a scroll of silence {unknown}
 q - a scroll of torment {unknown}
 t - a scroll of teleportation
 z - a scroll of blinking {unknown}
Potions
 d - 2 potions of magic
 e - a potion of curing
 g - a potion of brilliance
 n - 3 potions of degeneration
 s - a potion of might
 v - a potion of haste {unknown}


   Skills:
 + Level 1.5 Fighting
 - Level 1.7 Dodging
 + Level 2.5 Stealth
 * Level 3.7 Spellcasting
 + Level 1.8 Conjurations
 + Level 1.9 Summonings
 - Level 0.8 Translocations


You had 7 spell levels left.
You knew the following spells:

 Your Spells              Type           Power      Damage    Failure   Level
a - Magic Dart            Conj           36%        1d4       7%          1
b - Call Imp              Summ           10%        N/A       11%         2

Your spell library contained the following spells:

 Spells                   Type           Power      Damage    Failure   Level
 Slow                     Hex            12%        N/A       16%         1
 Blink                    Tloc           12%        N/A       16%         2
 Cigotuvi's Dreadful Rot  Necr/Pois/Air  6%         N/A       22%         2
 Poisonous Vapours        Pois/Air       6%         N/A       22%         2
 Mephitic Cloud           Conj/Pois/Air  5%         N/A       34%         3


Dungeon Overview and Level Annotations

Branches:
Dungeon (3/15)

Altars:
Sif Muna


Innate Abilities, Weirdness & Mutations

You have a pair of small horns on your head.


Message History

The orc priest looks braver for a moment.
Casting: Magic Dart (safe; 7% risk of failure)
Confirm with . or Enter, or press ? or * to list all spells.
Aiming: Magic Dart (safe; 7% risk of failure)
Press: ? - help, Shift-Dir - straight line, f/p - orc priest
Aim: an orc priest, wielding a +0 trident and wearing a +0 scale mail (100% to hit)
The magic dart hits the orc priest but does no damage.
Casting: Magic Dart (safe; 7% risk of failure)
Confirm with . or Enter, or press ? or * to list all spells.
A beastly little devil appears in a puff of flame.
The orc priest looks encouraged for a moment.
An orc comes into view. It is wielding a +0 dagger.
An orc priest comes into view. It is wielding a +0 dagger.
The orc hits your crimson imp with a +0 dagger.
Your crimson imp barely misses the orc.
The orc completely misses your crimson imp.
Your crimson imp blinks!
Casting: Call Imp (safe; 11% risk of failure)
Confirm with . or Enter, or press ? or * to list all spells.
A shadowy apparition takes form in the air.
Your crimson imp disappears in a puff of smoke!
The orc priest mumbles some strange prayers to Beogh against you.
Beogh smites you!
You hear a shout!
You swap places.
Your shadow imp hits the orc.
The orc hits your shadow imp with a +0 dagger.
Your shadow imp hits the orc.
The orc hits your shadow imp with a +0 dagger.
Your shadow imp barely misses the orc.
The orc closely misses your shadow imp.
The orc priest mumbles some strange prayers to Beogh against you.
Beogh smites you!
Your shadow imp hits the orc.
The orc misses your shadow imp.
Your shadow imp misses the orc.
The orc hits your shadow imp with a +0 dagger.
Your shadow imp hits the orc.
The orc dies!
The orc priest calls down the wrath of Beogh upon you.
Beogh smites you!
You die...

#.###.#######.##o#
#.# #.# #.##o# #.#
#.# #.##.#
#.###.##### #.##5#
#.........# #[##.#
#.###.###.# #.##.#
#.# #.# #.# #.##.#
#####.###.###.##.#
..............##@#
################.#
# #....# #.# #
#.##.# #.#
#######.##.# #.#
...........# #.#
#######.#### #.# #
#.# #.# # #.# #.#


You could see an orc priest and a friendly shadow imp (summoned).

Vanquished Creatures
  An orc wizard (D:3)
  A gnoll (D:1)
  A worm (D:3)
  2 orcs (D:3)
  4 ball pythons
  5 endoplasms
  A giant cockroach (D:2)
  2 goblins
  5 hobgoblins
  3 quokkas
  9 bats
  3 frilled lizards
  2 kobolds (D:1)
  4 rats
43 creatures vanquished.

Vanquished Creatures (collateral kills)
  An adder (D:3)
  3 orcs (D:3)
  A bat (D:2)
  An endoplasm (D:2)
  A giant cockroach (D:2)
  A rat (D:2)
8 creatures vanquished.

Grand Total: 51 creatures vanquished

Notes
Turn   | Place    | Note
-------+----------+-------------------------------------------
     0 | D:1      | PimpSugar the Demonspawn Hedge Wizard began the quest for
                  | the Orb.
     0 | D:1      | Reached XP level 1. HP: 13/13 MP: 4/4
   333 | D:1      | Gained mutation: You have a pair of small horns on your
                  | head. [demonic ancestry]
   333 | D:1      | Reached XP level 2. HP: 2/20 MP: 0/6
   427 | D:1      | Learned a level 2 spell: Call Imp
  1158 | D:1      | Reached XP level 3. HP: 25/25 MP: 3/7
  1761 | D:2      | Found a faded altar of an unknown god.
  2012 | D:2      | Reached skill level 1 in Fighting
  2414 | D:3      | Reached XP level 4. HP: 23/32 MP: 9/9
  2501 | D:3      | Found a shimmering blue altar of Sif Muna.
  3071 | D:3      | Identified the ring "Mevomeni" {Dex+6 Slay+3}
  3197 | D:3      | Killed from afar by an orc priest

Illustrated notes

Levels and vault maps discovered:
D:1:      eino_arrival_water_cross, layout_basic, dk_noncrumbling_4,
          chequers_decorated_corner, minmay_misc_feat_tiny,
          nicolae_concentric_dashed_squares_wild, serial_bayou_crossing
D:2:      layout_loops_ring, hellmonk_ecumenical_altar_zigzags
D:3:      layout_basic, nzn_hepliaklqana_mist_gate,
          nicolae_sif_muna_condensation

Skill      XL: |  1  2  3 |
---------------+----------+-----
Stealth        | 2 |  2.5
Fighting       | 1 |  1.5
Dodging        | |  1.7
Spellcasting   | |  3.7
Conjurations   | |  1.8
Summonings     | |  1.9
Translocations | |  0.8

Action                   |  1- 3 |  4- 6 || total
-------------------------+-------+-------++-------
Melee: Dagger            |    43 |       ||    43
       Headbutt          |     6 |     3 ||     9
       Rapier            |    10 |    13 ||    23
Throw: Stone             |     1 |       ||     1
 Cast: Magic Dart        |    70 |    20 ||    90
       Call Imp          |     8 |     4 ||    12
  Use: Scroll            |     7 |       ||     7
Armor: Robe              |    28 |       ||    28
Dodge: Dodged            |    51 |     3 ||    54

Table legend: (Time is in decaauts)
 A = Elapsed time spent in this place.
 B = Non-inter-level travel time spent in this place.
 C = Inter-level travel time spent in this place.
 D = Time resting spent in this place.
 E = Time spent auto-exploring this place.
 F = Levels seen in this place.
 G = Mean time per level.
                   A        B        C        D        E       F      G
               +--------+--------+--------+--------+--------+-----+--------+
         Total |   3221 |   3039 |    182 |    119 |   2283 |   3 | 1073.7 |
       Dungeon |   3221 |   3039 |    182 |    119 |   2283 |   3 | 1073.7 |
               +--------+--------+--------+--------+--------+-----+--------+

Top non-repeatable levels by time:
     D:1: 1366 daAuts
     D:3: 999 daAuts
     D:2: 855 daAuts
